 Dungeon Crawl Stone Soup version 0.29.0-4-gdea44cf6ec (webtiles) character file.

Game seed: 664400223970139406

79 qw the Chopper (level 4, -4/26 HPs)
             Began as a Tengu Warper on Aug 28, 2022.
             Slain by a gnoll
             ... wielding a +0 halberd
             ... led by a gnoll bouda
              (13 damage)
             ... on level 3 of the Dungeon.
             The game lasted 00:00:15 (2811 turns).

qw the Chopper (Tengu Warper)                       Turns: 2811, Time: 00:00:16

Health: -4/26      AC:  8    Str: 13    XL:     4   Next: 38%
Magic:  8/8        EV:  6    Int: 14    God:
Gold:   85         SH:  0    Dex: 13    Spells: 7/7 levels left

rFire   . . .      SeeInvis .   Y - +0 hand axe
rCold   . . .      Faith    .   (no shield)
rNeg    . . .      Spirit   .   g - +0 chain mail
rPois   .          Reflect  .   (helmet restricted)
rElec   .          Harm     .   (no cloak)
rCorr   .          Rampage  .   (no gloves)
Will    .....                   (boots unavailable)
Stlth   ..........              (no amulet)
HPRegen 0.08/turn               (no ring)
MPRegen 0.11/turn               (no ring)

@: weakened
A: beak, talons 3
a: no special abilities


You were on level 3 of the Dungeon.
You visited 1 branch of the dungeon, and saw 3 of its levels.

You collected 85 gold pieces.


Innate Abilities, Weirdness & Mutations

You have a beak for a mouth.
You have claws for feet.


   Skills:
 - Level 2.0 Fighting
 + Level 5.0 Axes
 - Level 1.0 Throwing
 - Level 1.1 Armour
 - Level 2.1 Dodging
 - Level 2.0 Spellcasting
 - Level 2.4 Translocations


You had 7 spell levels left.
You didn't know any spells.
Your spell library contained the following spells:

 Spells                   Type           Power      Damage    Failure   Level
 Blink                    Tloc           16%        N/A       99%         2
 Gell's Gravitas          Tloc           8%         N/A       100%        3
 Lesser Beckoning         Tloc           8%         N/A       100%        3
 Teleport Other           Tloc           8%         N/A       100%        3
 Manifold Assault         Tloc           8%         N/A       100%        5

Inventory:

Hand Weapons
 e - a +0 mace
 Y - a +0 hand axe (weapon)
Armour
 d - a +2 ring mail of fire resistance
 g - a +0 chain mail (worn)
Scrolls
 b - a scroll of identify
Potions
 a - a potion of brilliance {unknown}
 c - a potion of cancellation {unknown}
 f - a potion of mutation {unknown}
 h - a potion of lignification {unknown}

Dungeon Overview and Level Annotations

Branches:
Dungeon (3/15)

Altars:
Dithmenos


Message History

HP restored.
b - a scroll of identify
c - a metallic green potion A gnoll comes into view.
It is wielding a +0 halberd.
The gnoll shouts!
You hear a shout! x3
A gnoll comes into view. It is wielding a +0 halberd.
2803 ||| Stepping ~*~*~tactically~*~*~ (hiding).
You start waiting.
A gnoll is nearby!
2805 ||| Stepping ~*~*~tactically~*~*~ (hiding).
A gnoll bouda comes into view. It is wielding a +0 whip.
The gnoll bouda shouts!
You hear a shout! x3
The gnoll completely misses you.
A goblin and 3 gnolls come into view.
The goblin shouts!
The gnoll shouts! x2; You hear a shout! x2
The gnoll hits you with a +0 halberd!
The goblin moves out of view.
You hit the gnoll. Your peck misses the gnoll.
The gnoll is heavily wounded.
The gnoll hits you with a +0 halberd.
You hit the gnoll. Your kick misses the gnoll.
You punch the gnoll, but do no damage.
The gnoll is almost dead.
The gnoll barely misses you.
The gnoll hits you from afar with a +0 halberd.
You hit the gnoll but do no damage. Your kick misses the gnoll.
You peck the gnoll.
The gnoll is almost dead.
The gnoll hits you from afar with a +0 halberd.
The gnoll hits you with a +0 halberd.
The gnoll bouda gazes fiercely through you!
You feel your attacks grow feeble. The gnoll barely misses you.
The gnoll completely misses you. The gnoll bouda closely misses you.
You barely miss the gnoll. You claw the gnoll.
You kill the gnoll!
You barely miss the gnoll bouda.
The gnoll hits you from afar with a +0 spear.
The gnoll hits you from afar with a +0 halberd!
Ouch! That really hurt!
You die...

####....##............#
########....#####............#
.........#### ##.............#
.######### #...#.........## ##
#####.#.##...#...## .###
##.....#....####### ...#
#####..#####..###
##.###.....## ###..#
#.....##### #)@..# ####.##
#.#g## #.# #gg#g# ... #g#.g#
###.. ...... ### ...g...
......... ..........


You could see a gnoll bouda, 4 gnolls and a goblin.

Vanquished Creatures
  A gnoll (D:3)
  3 adders
  2 dart slugs
  5 ball pythons
  5 endoplasms
  2 giant cockroaches (D:1)
  4 goblins
  6 hobgoblins
  4 kobolds
  6 quokkas
  2 frilled lizards
  7 rats
47 creatures vanquished.

Notes
Turn   | Place    | Note
-------+----------+-------------------------------------------
     0 | D:1      | qw the Tengu Warper began the quest for the Orb.
     0 | D:1      | Reached XP level 1. HP: 12/12 MP: 4/4
     0 | D:1      | 0 ||| qw: Version: 0.1-a-89-g26bdef1
     0 | D:1      | 0 ||| qw: Game counter: 1917
     0 | D:1      | 0 ||| qw: Always use a shield: true
     0 | D:1      | 0 ||| qw: God list: Okawaru
     0 | D:1      | 0 ||| qw: Allow faded altars: false
     0 | D:1      | 0 ||| qw: Do Orc after D:15 true
     0 | D:1      | 0 ||| qw: Do second Lair branch before Depths: true
     0 | D:1      | 0 ||| qw: Lair rune preference: random
     0 | D:1      | 0 ||| qw: Plans: Normal
     0 | D:1      | 0 ||| PLANNING D:1-11
   514 | D:1      | Reached skill level 3 in Axes
   514 | D:1      | Reached XP level 2. HP: 16/17 MP: 6/6
  1226 | D:1      | 1226 ||| Stepping ~*~*~tactically~*~*~ (stealth).
  1232 | D:1      | 1232 ||| Stepping ~*~*~tactically~*~*~ (stealth).
  1233 | D:1      | 1233 ||| Stepping ~*~*~tactically~*~*~ (stealth).
  1241 | D:1      | Reached XP level 3. HP: 21/21 MP: 7/7
  1398 | D:1      | 1398 ||| Stepping ~*~*~tactically~*~*~ (stealth).
  1427 | D:1      | 1427 ||| UPGRADING to +2 ring mail of fire resistance.
  1437 | D:1      | 1437 ||| DROPPING +0 leather armour.
  1438 | D:1      | 1438 ||| UPGRADING to +0 chain mail.
  1448 | D:1      | 1448 ||| READING scroll labelled PUEZOS MIODI.
  1449 | D:1      | 1449 ||| DROPPING scroll of blinking.
  1479 | D:2      | Found a shadowy altar of Dithmenos.
  1488 | D:2      | 1488 ||| STAIRDANCE
  1537 | D:2      | Reached skill level 4 in Axes
  1545 | D:2      | 1545 ||| FLEEEEING.
  1547 | D:2      | 1547 ||| STAIRDANCE
  1703 | D:2      | 1703 ||| Stepping ~*~*~tactically~*~*~ (stealth).
  1707 | D:2      | 1707 ||| Stepping ~*~*~tactically~*~*~ (stealth).
  1753 | D:2      | 1753 ||| FLEEEEING.
  1754 | D:2      | 1754 ||| FLEEEEING.
  1755 | D:2      | 1755 ||| FLEEEEING.
  1756 | D:2      | 1756 ||| FLEEEEING.
  1757 | D:2      | 1757 ||| FLEEEEING.
  1758 | D:2      | 1758 ||| FLEEEEING.
  1759 | D:2      | 1759 ||| FLEEEEING.
  1760 | D:2      | 1760 ||| FLEEEEING.
  1761 | D:2      | 1761 ||| FLEEEEING.
  1762 | D:2      | 1762 ||| FLEEEEING.
  1763 | D:2      | 1763 ||| FLEEEEING.
  1764 | D:2      | 1764 ||| FLEEEEING.
  1765 | D:2      | 1765 ||| FLEEEEING.
  1766 | D:2      | 1766 ||| STAIRDANCE
  1842 | D:2      | 1842 ||| Stepping ~*~*~tactically~*~*~ (stealth).
  1879 | D:2      | Reached XP level 4. HP: 22/26 MP: 8/8
  1965 | D:2      | 1965 ||| FLEEEEING.
  1966 | D:2      | 1966 ||| FLEEEEING.
  1967 | D:2      | 1967 ||| FLEEEEING.
  1968 | D:2      | 1968 ||| FLEEEEING.
  1969 | D:2      | 1969 ||| STAIRDANCE
  2005 | D:1      | 2005 ||| READING scroll labelled UTUEDAOTOIGO.
  2006 | D:1      | 2006 ||| READING scroll labelled ACOFES BUEHYONK.
  2027 | D:2      | 2027 ||| Stepping ~*~*~tactically~*~*~ (stealth).
  2032 | D:2      | 2032 ||| Stepping ~*~*~tactically~*~*~ (hiding).
  2253 | D:2      | 2253 ||| READING scroll labelled RATHAK VOIVOL.
  2254 | D:2      | 2254 ||| READING scroll labelled JEVITE MUSUTZ.
  2255 | D:2      | 2255 ||| Stepping randomly (stuck).
  2256 | D:2      | 2256 ||| Stepping ~*~*~tactically~*~*~ (cloud).
  2624 | D:3      | 2624 ||| FLEEEEING.
  2625 | D:3      | 2625 ||| FLEEEEING.
  2626 | D:3      | 2626 ||| FLEEEEING.
  2628 | D:3      | Reached skill level 5 in Axes
  2803 | D:3      | 2803 ||| Stepping ~*~*~tactically~*~*~ (hiding).
  2805 | D:3      | 2805 ||| Stepping ~*~*~tactically~*~*~ (hiding).
  2811 | D:3      | Slain by a gnoll

Levels and vault maps discovered:
D:1:      tarquinn_simple_flora_water_c, layout_basic
D:2:      layout_rooms, basic_altar
D:3:      layout_rooms, okawaru_ov_weapons_minmay, mainiacjoe_overflow_catwalk,
          hellmonk_ecumenical_altar_inner_sanctum, serial_shops,
          nicolae_shop_waterfront, uniq_robin, uniq_terence, uniq_sigmund

Skill      XL: |  1  2  3  4 |
---------------+-------------+-----
Axes           | 3 4 5 |  5.0
Fighting       | |  2.0
Throwing       | |  1.0
Armour         | |  1.1
Dodging        | |  2.1
Spellcasting   | |  2.0
Translocations | |  2.4

Action                   |  1- 3 |  4- 6 || total
-------------------------+-------+-------++-------
Melee: Hand axe          |   106 |    31 ||   137
       Peck              |    23 |     8 ||    31
       Kick              |    22 |     7 ||    29
       Punch             |     2 |     1 ||     3
Throw: Boomerang         |     7 |       ||     7
  Use: Scroll            |     1 |     4 ||     5
Armor: Leather armour    |    10 |       ||    10
       Chain mail        |    22 |    16 ||    38
Dodge: Dodged            |    41 |    16 ||    57

Table legend:
 A = Non-vault XP
 B = Vault XP
 C = Vault XP percentage of total XP
 D = Non-vault monster count
 E = Vault monster count
 F = Vault count percentage of total count
                 A         B        C        D         E       F
            +---------+---------+-------+---------+---------+-------
      Total |     128 |       0 |   0.0 |      47 |       0 |   0.0
            +---------+---------+-------+---------+---------+-------
        D:1 |      38 |       0 |   0.0 |      21 |       0 |   0.0
        D:2 |      62 |       0 |   0.0 |      23 |       0 |   0.0
        D:3 |      28 |       0 |   0.0 |       3 |       0 |   0.0
            +---------+---------+-------+---------+---------+-------
